Map: Catalyst LE

Players

Dur

  • Race: Protoss Protoss
  • League: Master
  • Spawn Location: 11:00

alex - Winner!

  • Race: Protoss Protoss
  • League: Diamond
  • Spawn Location: 5:00

VOD

Have the link to the VOD?

Description

Time

  • Played on: Feb. 13, 2018, 3:56 p.m.
  • Length: 11:48
Show
View Real Time Build Order
Export as new Build Order

Dur Protoss 

Build Orders: Oracle Opening, Zealot Archon 

Get SALT Encoding   

  12  0:01  Probe  
  13  0:13  Probe  
  14  0:18  Pylon  
  14  0:25  Probe  
  15  0:37  Probe (Chrono Boost)  
  15  0:40  Gateway  
  16  0:49  Probe (Chrono Boost)  
  17  0:50  Assimilator  
  18  0:57  Probe (Chrono Boost)  
  18  1:03  Probe, Assimilator  
  19  1:15  Probe  
  20  1:20  Gateway  
  20  1:27  Probe  
  21  1:35  Cybernetics Core  
  22  1:40  Probe  
  22  1:44  Pylon  
  22  1:57  Probe  
  23  2:09  Probe  
  23  2:10  Stalker x2 (Chrono Boost)  
  28  2:16  Warp Gate  
  28  2:26  Stargate  
  28  2:32  Probe  
  29  2:44  Probe  
  30  2:52  Pylon  
  30  3:10  Nexus, Oracle (Chrono Boost)  
  33  3:22  Pylon  
  33  3:31  Stalker  
  35  3:34  Stalker  
  35  3:38  Probe  
  38  3:52  Robotics Facility  
  38  4:00  Twilight Council  
  38  4:23  Zealot  
  40  4:33  Gateway x2  
  40  4:35  Gateway  
  40  4:36  Probe (Chrono Boost)  
  40  4:37  Probe (Chrono Boost)  
  43  4:47  Probe (Chrono Boost), Charge  
  43  4:48  Probe (Chrono Boost)  
  44  4:57  Templar Archives  
  44  5:20  Immortal (Chrono Boost)  
  48  5:30  Pylon  
  48  5:31  Probe x2  
  50  5:54  Immortal  
  54  5:57  Pylon  
  54  5:58  Pylon  
  54  6:00  Pylon  
  54  6:02  Zealot x4  
  54  6:03  Zealot  
  64  6:08  Assimilator  
  64  6:12  Probe (Chrono Boost), Assimilator  
  64  6:14  Probe (Chrono Boost)  
  66  6:24  Probe (Chrono Boost)  
  67  6:28  High Templar  
  67  6:29  High Templar, Zealot x2  
  75  6:33  Archon, Probe  
  75  6:34  Probe  
  77  6:54  Immortal (Chrono Boost)  
  77  6:59  Zealot x3  
  87  7:02  Zealot  
  89  7:21  High Templar  
  89  7:22  High Templar  
  93  7:27  Pylon x2  
  93  7:37  Archon  
  93  7:42  Immortal (Chrono Boost)  
  93  7:49  Probe  
  93  7:50  Probe  
  99  7:56  High Templar x2  
  103  8:00  High Templar  
  103  8:01  Probe  
  103  8:02  Probe  
  107  8:06  High Templar  
  109  8:14  Probe  
  109  8:18  Archon x2  
  110  8:21  Nexus  
  110  8:46  Pylon  
  110  8:48  Pylon  
  110  8:49  Pylon  
  110  8:50  Pylon  
  110  9:04  Probe x2, Warp Prism (Chrono Boost)  
  74  9:31  High Templar x5  
  68  9:37  Immortal (Chrono Boost)  
  76  9:40  Gateway  
  76  9:42  Gateway  
  76  10:01  Archon  
  76  10:02  Archon  
  76  10:05  High Templar  
  76  10:06  Zealot x4  
  86  10:09  Immortal (Chrono Boost)  
  86  10:10  Archon  
  90  10:19  Probe x3, Assimilator  
  93  10:23  Assimilator  
  93  10:27  High Templar x2  
  97  10:28  Zealot x2  
  97  10:31  Probe x2  
  97  10:32  Probe  
  97  10:34  Archon  
  104  10:38  Immortal (Chrono Boost)  
  108  10:54  Probe x3  
  111  11:03  Zealot x3  
  111  11:04  Zealot x4  
  121  11:06  Probe x3  
  128  11:13  Immortal (Chrono Boost)  
  128  11:14  Pylon  
  128  11:15  Pylon  
  116  11:31  Zealot x2  
  116  11:32  Zealot x3  
Show
View Real Time Build Order
Export as new Build Order

alex Protoss - Winner!

Build Orders: Zealot Archon 

Get SALT Encoding   

  12  0:00  Probe  
  13  0:14  Probe  
  13  0:20  Pylon  
  14  0:26  Probe  
  15  0:39  Gateway  
  15  0:40  Probe (Chrono Boost)  
  16  0:49  Probe (Chrono Boost)  
  17  0:51  Assimilator  
  17  0:54  Probe (Chrono Boost)  
  18  1:02  Assimilator  
  18  1:06  Probe (Chrono Boost)  
  19  1:18  Probe (Chrono Boost)  
  20  1:22  Gateway  
  20  1:28  Cybernetics Core  
  20  1:32  Probe  
  21  1:44  Probe  
  22  1:53  Pylon  
  22  1:56  Probe  
  23  2:05  Warp Gate  
  23  2:11  Stalker x2  
  23  2:14  Probe (Chrono Boost)  
  28  2:24  Probe (Chrono Boost)  
  29  2:30  Pylon  
  29  2:34  Probe  
  30  2:46  Probe  
  31  2:51  Robotics Facility  
  31  2:52  Stalker  
  31  2:56  Sentry  
  35  3:02  Probe  
  36  3:19  Probe  
  37  3:25  Nexus  
  37  3:35  Pylon  
  37  3:39  Observer, Probe  
  39  3:54  Probe  
  40  4:09  Gateway  
  40  4:11  Twilight Council  
  40  4:16  Stalker  
  40  4:17  Stalker  
  44  4:23  Probe  
  45  4:35  Probe  
  45  4:37  Immortal  
  45  4:38  Pylon  
  50  4:45  Charge (Chrono Boost)  
  50  4:46  Gateway  
  50  5:08  Stalker x3  
  50  5:12  Probe x2  
  58  5:19  Gateway  
  58  5:22  Templar Archives  
  58  5:24  Probe x2  
  60  5:36  Zealot  
  60  5:37  Zealot  
  60  5:42  Forge  
  64  5:48  Zealot  
  66  5:52  Probe x2  
  68  6:00  Assimilator  
  68  6:02  Assimilator  
  68  6:04  Probe  
  69  6:18  Protoss Ground Armor Level 1 (Chrono Boost)  
  69  6:20  Pylon  
  69  6:22  Nexus  
  69  6:28  Pylon  
  69  6:38  Immortal  
  73  6:41  High Templar  
  73  6:44  High Templar  
  73  7:00  Probe x2 (Chrono Boost)  
  75  7:11  Archon, Probe x2 (Chrono Boost)  
  75  7:12  High Templar  
  75  7:13  High Templar  
  81  7:16  Probe (Chrono Boost)  
  81  7:19  Archon, Probe  
  83  7:26  Probe  
  84  7:31  Probe  
  84  7:33  Immortal  
  84  7:34  Zealot x2  
  93  7:41  Zealot  
  93  7:43  Probe x2  
  97  7:58  Zealot x2  
  101  8:00  Protoss Ground Armor Level 2 (Chrono Boost)  
  101  8:02  Pylon  
  101  8:04  Pylon  
  101  8:05  Pylon  
  101  8:20  Gateway x2  
  101  8:22  Forge  
  101  8:31  High Templar x2  
  101  8:32  High Templar x2  
  101  8:33  Zealot  
  111  8:35  Archon  
  111  8:39  Archon  
  111  8:41  Immortal (Chrono Boost)  
  111  8:47  Pylon  
  115  8:50  Protoss Ground Weapons Level 1 (Chrono Boost)  
  115  8:54  Pylon  
  115  9:04  Zealot x4  
  115  9:05  Zealot  
  91  9:29  Zealot x5  
  101  9:36  Probe x2  
  103  9:46  Warp Prism  
  101  9:57  Stalker  
  101  9:58  Stalker x2  
  107  10:09  High Templar x3  
  107  10:11  Zealot  
  107  10:13  Probe  
  107  10:14  Probe  
  117  10:23  Archon  
  117  10:26  High Templar  
  117  10:27  Nexus  
  119  10:30  Archon  
  119  10:31  Probe x2 (Chrono Boost)  
  119  10:32  Probe (Chrono Boost)  
  122  10:41  Probe x2 (Chrono Boost)  
  124  11:02  Zealot x5  
  124  11:03  Zealot x2  
  138  11:07  Pylon  
  138  11:11  Pylon  
  106  11:35  Zealot  
  106  11:36  Zealot  
  106  11:37  Zealot x5  
Tags
 
Add a new tag
Caveats
  • Supply blocks, unpowered buildings, or Contaminate may cause inaccurate times.
  • Supply counts are checked every 10 seconds.